TOP OF THE 1ST |
Milwaukee Brewers batting - Pitching for Cleveland Spiders : RHP Steve McCatty
|
Pitching: RHP Steve McCatty
|
|
Batting: RHB Steve Sax
|
0-0: Called Strike 0-1: Ball 1-1: Ball 2-1: Ball 3-1: Called Strike 3-2: Foul Ball, location: 2F 3-2: Fly out, F9 (Flyball, 89M, EV 86.9 MPH)
|
Batting: LHB Von Hayes
|
0-0: Called Strike 0-1: SOLO HOME RUN (Flyball, 7D, EV 96.3 MPH), Distance : 404 ft
|
Batting: SHB Eddie Murray
|
0-0: Fly out, F8 (Flyball, 8LD, EV 86.3 MPH)
|
Batting: RHB Mike Schmidt
|
0-0: Ball 1-0: Called Strike 1-1: Swinging Strike 1-2: SOLO HOME RUN (Flyball, 78XD, EV 106.9 MPH), Distance : 410 ft
|
Batting: LHB Denny Walling
|
0-0: Called Strike 0-1: Foul Ball, location: 2F 0-2: Strikes out looking
|
Top of the 1st over - 2 runs, 2 hits, 0 errors, 0 left on base; Milwaukee 2 - Cleveland 0 |
BOTTOM OF THE 1ST |
Cleveland Spiders batting - Pitching for Milwaukee Brewers : LHP Gary Lucas
|
Pitching: LHP Gary Lucas
|
|
Batting: SHB Bump Wills
|
0-0: Ground out 5-3 (Groundball, 56, EV 107.5 MPH)
|
Batting: RHB Tom Brunansky
|
0-0: Called Strike 0-1: Swinging Strike 0-2: Fly out, F7 (Flyball, 78XD, EV 104.4 MPH)
|
Batting: RHB Gary Gaetti
|
0-0: SINGLE (Flyball, 78S, EV 90.0 MPH)
|
Batting: SHB Salvador Perez
|
0-0: Ball 1-0: Called Strike Gary Gaetti steals 2nd base (no throw) 1-1: SINGLE (Line Drive, 89M, EV 93.1 MPH) Gary Gaetti to third Runner from 3rd tries for Home, SAFE, throw by RF to home
|
Batting: RHB Clayton Elliott
|
0-0: Ball 1-0: Foul Ball, location: 2F 1-1: Ball 2-1: Swinging Strike 2-2: Ball 3-2: Ground out 4-3 (Groundball, 34, EV 106.9 MPH)
|
Bottom of the 1st over - 1 run, 2 hits, 0 errors, 1 left on base; Milwaukee 2 - Cleveland 1 |
TOP OF THE 2ND |
Milwaukee Brewers batting - Pitching for Cleveland Spiders : RHP Steve McCatty
|
Batting: RHB Ken Landreaux
|
0-0: Fly out, F8 (Flyball, 8LD, EV 106.3 MPH)
|
Batting: RHB Glenn Davis
|
0-0: Called Strike 0-1: Swinging Strike 0-2: Foul Ball, location: 2F 0-2: Ball 1-2: Ball 2-2: Ball 3-2: SINGLE (Groundball, 6MD, EV 110.0 MPH)
|
Batting: RHB Kevin Buckley
|
0-0: Ball 1-0: Swinging Strike 1-1: Ball 2-1: Called Strike Glenn Davis steals 2nd base 2-2: Fly out, F7 (Flyball, 7, EV 87.5 MPH)
|
Batting: SHB Alfredo Griffin
|
0-0: Ground out 6-3 (Groundball, 6, EV 80.0 MPH)
|
Top of the 2nd over - 0 runs, 1 hit, 0 errors, 1 left on base; Milwaukee 2 - Cleveland 1 |
BOTTOM OF THE 2ND |
Cleveland Spiders batting - Pitching for Milwaukee Brewers : LHP Gary Lucas
|
Batting: RHB Alan Trammell
|
0-0: Called Strike 0-1: Ground out 4-3 (Groundball, 4, EV 106.3 MPH)
|
Batting: RHB Cressy Pratt
|
0-0: Fly out, F4 (Popup, 4MD, EV 60.6 MPH)
|
Batting: RHB Kevin Bell
|
0-0: Foul Ball, location: 2F 0-1: Ball 1-1: Ball 2-1: Ball 3-1: Base on Balls
|
Batting: RHB Lance Parrish
|
0-0: Called Strike 0-1: Ball 1-1: Ball 2-1: Foul Ball, location: 2F 2-2: SINGLE (Flyball, 89S, EV 98.1 MPH) Kevin Bell to second Runner from 2nd tries for 3rd, OUT! 9-5
|
Bottom of the 2nd over - 0 runs, 1 hit, 0 errors, 1 left on base; Milwaukee 2 - Cleveland 1 |
TOP OF THE 3RD |
Milwaukee Brewers batting - Pitching for Cleveland Spiders : RHP Steve McCatty
|
Batting: RHB Steve Sax
|
0-0: Fly out, F4 (Popup, 34S, EV 81.3 MPH)
|
Batting: LHB Von Hayes
|
0-0: Ball 1-0: Ball 2-0: Ball 3-0: Base on Balls
|
Batting: SHB Eddie Murray
|
0-0: Ball Von Hayes steals 2nd base 1-0: Swinging Strike 1-1: Ball 2-1: SINGLE (Groundball, 6MD, EV 95.0 MPH) Von Hayes to third Runner from 3rd tries for Home, SAFE, throw by CF to home
|
Batting: RHB Mike Schmidt
|
0-0: Ball 1-0: Ball 2-0: Called Strike 2-1: Foul Ball, location: 2F 2-2: Strikes out swinging
|
Batting: LHB Denny Walling
|
0-0: Ball 1-0: Ball 2-0: Called Strike 2-1: Foul Ball, location: 2F 2-2: Ground out 6-3 (Groundball, 6S, EV 68.8 MPH)
|
Top of the 3rd over - 1 run, 1 hit, 0 errors, 1 left on base; Milwaukee 3 - Cleveland 1 |
BOTTOM OF THE 3RD |
Cleveland Spiders batting - Pitching for Milwaukee Brewers : LHP Gary Lucas
|
Batting: SHB Bump Wills
|
0-0: SINGLE (Flyball, 89S, EV 95.6 MPH)
|
Batting: RHB Tom Brunansky
|
0-0: Called Strike 0-1: Ball 1-1: Ball 2-1: DOUBLE (Groundball, 5L, EV 110.0 MPH) Bump Wills to third Runner from 3rd tries for Home, SAFE, throw by LF to home
|
Batting: RHB Gary Gaetti
|
0-0: Ball 1-0: Called Strike 1-1: Fly out, F6 (Flyball, 6D, EV 89.4 MPH)
|
Batting: SHB Salvador Perez
|
0-0: Ball 1-0: Foul Ball, location: 2F 1-1: Swinging Strike 1-2: Ball 2-2: Strikes out swinging
|
Batting: RHB Clayton Elliott
|
0-0: Ball 1-0: Called Strike 1-1: Ball 2-1: Ground out 4-3 (Groundball, 4, EV 101.3 MPH)
|
Bottom of the 3rd over - 1 run, 2 hits, 0 errors, 1 left on base; Milwaukee 3 - Cleveland 2 |
TOP OF THE 4TH |
Milwaukee Brewers batting - Pitching for Cleveland Spiders : RHP Steve McCatty
|
Batting: RHB Ken Landreaux
|
0-0: Foul Ball, location: 2F 0-1: Ball 1-1: Ground out 6-3 (Groundball, 6, EV 93.8 MPH)
|
Batting: RHB Glenn Davis
|
0-0: Reached on error, E7 (Line Drive, 7, EV 94.4 MPH)
|
Batting: RHB Kevin Buckley
|
0-0: Swinging Strike 0-1: Fly out, F4 (Popup, 13, EV 81.9 MPH)
|
Batting: SHB Alfredo Griffin
|
0-0: Ball 1-0: Ground out 6-3 (Groundball, 6, EV 89.4 MPH)
|
Top of the 4th over - 0 runs, 0 hits, 1 error, 1 left on base; Milwaukee 3 - Cleveland 2 |
BOTTOM OF THE 4TH |
Cleveland Spiders batting - Pitching for Milwaukee Brewers : LHP Gary Lucas
|
Batting: RHB Alan Trammell
|
0-0: Called Strike 0-1: SINGLE (Line Drive, 78S, EV 105.6 MPH)
|
Batting: RHB Cressy Pratt
|
0-0: Called Strike 0-1: SINGLE (Line Drive, 9S, EV 110.6 MPH) Alan Trammell to second
|
Batting: RHB Kevin Bell
|
0-0: Ball 1-0: Bunted foul 1-1: Bunt missed! 1-2: Ball 2-2: Ball 3-2: Foul Ball, location: 2F 3-2: Base on Balls Alan Trammell to third Cressy Pratt to second
|
Batting: RHB Lance Parrish
|
0-0: Called Strike 0-1: Ball 1-1: Grounds into double play, 6-4-3 (Groundball, 6, EV 101.9 MPH) Alan Trammell scores Cressy Pratt to third
|
Batting: SHB Bump Wills
|
0-0: Foul Ball, location: 2F 0-1: Swinging Strike 0-2: Ball 1-2: Ground out 5-3 (Groundball, 56S, EV 87.5 MPH)
|
Bottom of the 4th over - 1 run, 2 hits, 0 errors, 1 left on base; Milwaukee 3 - Cleveland 3 |
TOP OF THE 5TH |
Milwaukee Brewers batting - Pitching for Cleveland Spiders : RHP Steve McCatty
|
Batting: RHB Steve Sax
|
0-0: Called Strike 0-1: Ball 1-1: Ball 2-1: Fly out, F6 (Flyball, 4MD, EV 88.8 MPH)
|
Batting: LHB Von Hayes
|
0-0: Ball 1-0: Ball 2-0: Called Strike 2-1: Ball 3-1: Swinging Strike 3-2: Strikes out swinging
|
Batting: SHB Eddie Murray
|
0-0: Foul Ball, location: 2F 0-1: SINGLE (Groundball, 56D, EV 96.9 MPH)
|
Batting: RHB Mike Schmidt
|
0-0: Foul Ball, location: 2F 0-1: Ball 1-1: Ball 2-1: Foul Ball, location: 2F 2-2: Strikes out looking
|
Top of the 5th over - 0 runs, 1 hit, 0 errors, 1 left on base; Milwaukee 3 - Cleveland 3 |
BOTTOM OF THE 5TH |
Cleveland Spiders batting - Pitching for Milwaukee Brewers : LHP Gary Lucas
|
Batting: RHB Tom Brunansky
|
0-0: Ball 1-0: Called Strike 1-1: Ball 2-1: Swinging Strike 2-2: Ball 3-2: Base on Balls
|
Batting: RHB Gary Gaetti
|
0-0: DOUBLE (Line Drive, 89D, EV 110.0 MPH) Tom Brunansky to third Runner from 3rd tries for Home, SAFE, throw by RF to home
|
Batting: SHB Salvador Perez
|
0-0: Called Strike 0-1: Foul Ball, location: 2F 0-2: Ball 1-2: Ball 2-2: Strikes out swinging
|
Batting: RHB Clayton Elliott
|
0-0: Swinging Strike 0-1: Foul Ball, location: 2F 0-2: Strikes out swinging
|
Batting: RHB Alan Trammell
|
0-0: Ball 1-0: Called Strike 1-1: Ball 2-1: Foul Ball, location: 2F 2-2: Ball 3-2: Ground out 5-3 (Groundball, 5L, EV 89.4 MPH)
|
Bottom of the 5th over - 1 run, 1 hit, 0 errors, 1 left on base; Milwaukee 3 - Cleveland 4 |
TOP OF THE 6TH |
Milwaukee Brewers batting - Pitching for Cleveland Spiders : RHP Steve McCatty
|
Batting: LHB Denny Walling
|
0-0: Ball 1-0: SINGLE (Flyball, 4D, EV 98.8 MPH)
|
Batting: RHB Ken Landreaux
|
0-0: Ball 1-0: Ball 2-0: DOUBLE (Line Drive, 9LM, EV 108.1 MPH) Denny Walling to third Runner from 3rd tries for Home, SAFE, throw by RF to trailing runner, SAFE at third!
|
Batting: RHB Glenn Davis
|
0-0: Ball 1-0: SINGLE (Groundball, 56, EV 104.4 MPH) Ken Landreaux scores
|
Pitching: RHP Joe Beckwith
|
|
Batting: RHB Kevin Buckley
|
0-0: Swinging Strike 0-1: Foul Ball, location: 2F 0-2: Ball 1-2: Ball 2-2: Strikes out swinging
|
Batting: SHB Alfredo Griffin
|
0-0: Ball 1-0: Called Strike 1-1: Called Strike 1-2: Fielders Choice at 2nd, 4-6 (Groundball, 34, EV 94.4 MPH)
|
Batting: RHB Steve Sax
|
0-0: Ball 1-0: Ball Alfredo Griffin steals 2nd base (no throw) 2-0: SINGLE (Line Drive, 8LS, EV 93.1 MPH) Alfredo Griffin to third Runner from 3rd tries for Home, SAFE, throw by CF to home Steve Sax to second
|
Batting: LHB Von Hayes
|
0-0: Ball 1-0: Called Strike 1-1: Fly out, F8 (Flyball, 78D, EV 102.5 MPH)
|
Top of the 6th over - 3 runs, 4 hits, 0 errors, 1 left on base; Milwaukee 6 - Cleveland 4 |
BOTTOM OF THE 6TH |
Cleveland Spiders batting - Pitching for Milwaukee Brewers : LHP Gary Lucas
|
Batting: RHB Cressy Pratt
|
0-0: Ball 1-0: Ball 2-0: Fly out, F8 (Flyball, 8RD, EV 101.9 MPH)
|
Batting: RHB Kevin Bell
|
0-0: Ball 1-0: Ball 2-0: Ball 3-0: Called Strike 3-1: Foul Ball, location: 2F 3-2: Foul Ball, location: 2F 3-2: Ground out 4-3 (Groundball, 4MD, EV 86.3 MPH)
|
Batting: RHB Lance Parrish
|
0-0: Called Strike 0-1: Swinging Strike 0-2: Foul Ball, location: 2F 0-2: Ball 1-2: Ball 2-2: Ball 3-2: Foul Ball, location: 2F 3-2: SINGLE (Groundball, 56D, EV 95.6 MPH)
|
Batting: SHB Bump Wills
|
0-0: SINGLE (Line Drive, 89M, EV 95.6 MPH) Lance Parrish to second Runner from 2nd tries for 3rd, SAFE, throw by RF made at trailing runner, OUT! 9-3-6
|
Bottom of the 6th over - 0 runs, 2 hits, 0 errors, 1 left on base; Milwaukee 6 - Cleveland 4 |
TOP OF THE 7TH |
Milwaukee Brewers batting - Pitching for Cleveland Spiders : RHP Joe Beckwith
|
Batting: SHB Eddie Murray
|
0-0: Called Strike 0-1: Foul Ball, location: 2F 0-2: Ball 1-2: Ball 2-2: Ball 3-2: Strikes out swinging
|
Batting: RHB Mike Schmidt
|
0-0: Foul Ball, location: 2F 0-1: Ball 1-1: Ball 2-1: Foul Ball, location: 2F 2-2: Ball 3-2: Fly out, F7 (Flyball, 7D, EV 99.4 MPH)
|
Batting: LHB Denny Walling
|
0-0: Ball 1-0: Ground out 6-3 (Groundball, 6, EV 78.1 MPH)
|
Top of the 7th over - 0 runs, 0 hits, 0 errors, 0 left on base; Milwaukee 6 - Cleveland 4 |
BOTTOM OF THE 7TH |
Cleveland Spiders batting - Pitching for Milwaukee Brewers : LHP Gary Lucas
|
Batting: RHB Tom Brunansky
|
0-0: Ball 1-0: Called Strike 1-1: Swinging Strike 1-2: Ground out 6-3 (Groundball, 6, EV 90.6 MPH)
|
Batting: RHB Gary Gaetti
|
0-0: Swinging Strike 0-1: Foul Ball, location: 2F 0-2: Strikes out swinging
|
Batting: SHB Salvador Perez
|
0-0: Called Strike 0-1: Called Strike 0-2: Ground out 2-3 (Groundball, 15S, EV 70.6 MPH)
|
Bottom of the 7th over - 0 runs, 0 hits, 0 errors, 0 left on base; Milwaukee 6 - Cleveland 4 |
TOP OF THE 8TH |
Milwaukee Brewers batting - Pitching for Cleveland Spiders : RHP Joe Beckwith
|
Batting: RHB Ken Landreaux
|
0-0: Reached on error, E5 (Groundball, 5, EV 83.8 MPH)
|
Batting: RHB Glenn Davis
|
0-0: Intentional Walk
|
Batting: RHB Kevin Buckley
|
0-0: Grounds into DOUBLE play, U5-4-3 (Groundball, 5L, EV 85.0 MPH)
|
Batting: SHB Alfredo Griffin
|
0-0: Ball 1-0: Foul Ball, location: 2F 1-1: Swinging Strike 1-2: Fly out, F8 (Flyball, 8LS, EV 86.3 MPH)
|
Top of the 8th over - 0 runs, 0 hits, 1 error, 1 left on base; Milwaukee 6 - Cleveland 4 |
BOTTOM OF THE 8TH |
Cleveland Spiders batting - Pitching for Milwaukee Brewers : LHP Gary Lucas
|
Batting: RHB Clayton Elliott
|
0-0: Ball 1-0: Ball 2-0: Ball 3-0: Called Strike 3-1: Foul Ball, location: 2F 3-2: Foul Ball, location: 2F 3-2: Foul Ball, location: 2F 3-2: Ground out 6-3 (Groundball, 56, EV 102.5 MPH)
|
Pitching: LHP Jordan Ortiz
|
|
Batting: RHB Alan Trammell
|
0-0: Fly out, F7 (Line Drive, 7D, EV 91.3 MPH)
|
Batting: RHB Cressy Pratt
|
0-0: Ball 1-0: Foul Ball, location: 2F 1-1: Called Strike 1-2: Foul Ball, location: 2F 1-2: Strikes out looking
|
Bottom of the 8th over - 0 runs, 0 hits, 0 errors, 0 left on base; Milwaukee 6 - Cleveland 4 |
TOP OF THE 9TH |
Milwaukee Brewers batting - Pitching for Cleveland Spiders : RHP Joe Beckwith
|
Batting: RHB Steve Sax
|
0-0: Swinging Strike 0-1: SINGLE (Line Drive, 7LS, EV 93.1 MPH)
|
Pitching: RHP Jack Lazorko
|
|
Batting: LHB Von Hayes
|
0-0: Foul Ball, location: 2F 0-1: Ball 1-1: Ball 2-1: Ball 3-1: Swinging Strike 3-2: Foul Ball, location: 2F 3-2: Fly out, F8 (Line Drive, 8LM, EV 91.9 MPH)
|
Batting: SHB Eddie Murray
|
0-0: Called Strike Steve Sax steals 2nd base 0-1: Ball 1-1: Fly out, F7 (Flyball, 78S, EV 95.6 MPH)
|
Batting: RHB Mike Schmidt
|
0-0: Called Strike 0-1: Ball 1-1: Ball 2-1: Ball 3-1: Base on Balls
|
Batting: LHB Denny Walling
|
0-0: Ball 1-0: Ground out U3 (Groundball, 3L, EV 108.1 MPH)
|
Top of the 9th over - 0 runs, 1 hit, 0 errors, 2 left on base; Milwaukee 6 - Cleveland 4 |
BOTTOM OF THE 9TH |
Cleveland Spiders batting - Pitching for Milwaukee Brewers : LHP Jordan Ortiz
|
Batting: RHB Kevin Bell
|
0-0: Ball 1-0: Called Strike 1-1: Swinging Strike 1-2: Ball 2-2: Foul Ball, location: 2F 2-2: SOLO HOME RUN (Flyball, 9LD, EV 98.8 MPH), Distance : 346 ft
|
Batting: RHB Lance Parrish
|
0-0: Called Strike 0-1: Swinging Strike 0-2: Ball 1-2: Strikes out swinging
|
Batting: SHB Bump Wills
|
0-0: Called Strike 0-1: Ball 1-1: SINGLE (Groundball, 6MD, EV 96.9 MPH)
|
Batting: RHB Tom Brunansky
|
0-0: Swinging Strike 0-1: Ball 1-1: Foul Ball, location: 2F 1-2: Strikes out swinging
|
Batting: RHB Gary Gaetti
|
0-0: Called Strike 0-1: Fly out, F9 (Line Drive, 9D, EV 91.9 MPH)
|
Bottom of the 9th over - 1 run, 2 hits, 0 errors, 1 left on base; Milwaukee 6 - Cleveland 5 |
|